 Dungeon Crawl Stone Soup version 0.31-a0-246-g8cbcc1cb85 (webtiles) character file.

Game seed: 13454904901495410843

177 Moby the Gusty (level 5, -9/38 HPs)
             Began as a Demigod Air Elementalist on July 12, 2023.
             Mangled by Blork the orc
             ... wielding a +2 long sword of holy wrath
              (14 damage)
             ... on level 4 of the Dungeon.
             The game lasted 00:13:41 (3387 turns).

Moby the Gusty (Demigod Air Elementalist)           Turns: 3387, Time: 00:13:41

Health: -9/38      AC:  2    Str:  9    XL:     5   Next: 9%
Magic:  1/11       EV: 12    Int: 21    God:
Gold:   177        SH:  0    Dex: 14    Spells: 5/8 levels left

rFire   . . .        b - +0 whip
rCold   . . .        (no shield)
rNeg    . . .        a - +0 robe
rPois   .            (no helmet)
rElec   .            (no cloak)
rCorr   .            (no gloves)
SInv    .            (no boots)
Will    .....        (no amulet)
Stlth   ++           (no ring)
HPRegen 0.26/turn    (no ring)
MPRegen 0.12/turn

%: no passive effects
@: brilliant, very slightly contaminated
A: high MP 1, forlorn, divine attributes
a: no special abilities


You were on level 4 of the Dungeon.
You visited 1 branch of the dungeon, and saw 4 of its levels.

You collected 177 gold pieces.

Inventory:

Hand Weapons
 b - a +0 whip (weapon)
Armour
 a - a +0 robe (worn)
Scrolls
 d - a scroll of amnesia {unknown}
 i - a scroll of fog {unknown}
 j - 2 scrolls of identify {unknown}
 k - a scroll of teleportation {unknown}
 n - a scroll of silence {unknown}
Potions
 c - 2 potions of brilliance
 e - 3 potions of attraction {unknown}
 f - 2 potions of curing
 g - a potion of invisibility {unknown}
 h - a potion of mutation {unknown}
 l - a potion of enlightenment {unknown}
 m - a potion of lignification {unknown}


   Skills:
 - Level 2.0 Dodging
 - Level 2.0 Stealth
 + Level 2.2 Spellcasting
 * Level 3.4 Conjurations
 + Level 3.8 Air Magic


You had 5 spell levels left.
You knew the following spells:

 Your Spells              Type           Power      Damage    Failure   Level
a - Shock                 Conj/Air       100%       1d9       3%          1
b - Static Discharge      Conj/Air       52%        2-5/arc   4%          2

Your spell library contained the following spells:

 Spells                   Type           Power      Damage    Failure   Level
 Swiftness                Air            27%        N/A       9%          3
 Freeze                   Ice            12%        1d3       14%         1
 Airstrike                Air            13%        2d(2-18)  30%         4
 Frozen Ramparts          Ice            6%         1d1       41%         3
 Summon Lightning Spire   Summ/Air       15%        N/A       54%         4
 Animate Dead             Necr           3%         N/A       82%         4
 Cause Fear               Hex            1%         N/A       82%         4
 Summon Ice Beast         Ice/Summ       3%         N/A       82%         4
 Fireball                 Conj/Fire      7%         3d5       89%         5
 Simulacrum               Ice/Necr       1%         N/A       100%        6
 Haunt                    Necr/Summ      1%         N/A       100%        7
 Infestation              Necr           1%         N/A       100%        8
 Dragon's Call            Summ           1%         N/A       100%        9


Dungeon Overview and Level Annotations

Branches:
Dungeon (4/15)
 Temple: D:4-7

Annotations:
D:2 Sigmund
D:4 exclusion: lemure, Blork the orc, Pikel


Innate Abilities, Weirdness & Mutations

You have an increased reservoir of magic. (+10% MP)
You shall have no god before yourself.
Your divine heritage dramatically boosts your attributes as you level up.


Message History

Unknown command.
Casting: Shock (safe; 3% risk of failure)
Confirm with . or Enter, or press ? or * to list all spells.
Okay, then.
Unknown command.
Casting: Shock (safe; 3% risk of failure)
Confirm with . or Enter, or press ? or * to list all spells.
Okay, then.
Unknown command.
Press: ? - help, v - describe, . - travel
Here: Blork the orc, wielding a +2 long sword of holy wrath and wearing a +1 robe (fast)
The floor.
It was a potion of curing.
You feel better.
Casting: Shock (safe; 3% risk of failure)
Confirm with . or Enter, or press ? or * to list all spells.
You feel a surge of power!
Blork the orc is struck by an arc of lightning.
Blork the orc is lightly wounded.
You are struck by an arc of lightning.
The lightning grounds out.
Blork the orc hits you with a +2 long sword of holy wrath! x2
Casting: Static Discharge (safe; 4% risk of failure)
Confirm with . or Enter, or press ? or * to list all spells.
Aiming: Shock (safe; 3% risk of failure)
Press: ? - help, Shift-Dir - straight line, f - Blork the orc
Aim: Blork the orc, wielding a +2 long sword of holy wrath and wearing a +1 robe (lightly wounded, fast, 77% to hit)
You feel a surge of power!
You miscast Shock.
You are very lightly contaminated with residual magic.
Nothing appears to happen.
Blork the orc closely misses you.
Casting: Shock (safe; 3% risk of failure)
Confirm with . or Enter, or press ? or * to list all spells.
Aiming: Shock (safe; 3% risk of failure)
Press: ? - help, Shift-Dir - straight line, f/p - Blork the orc
Aim: Blork the orc, wielding a +2 long sword of holy wrath and wearing a +1 robe (lightly wounded, fast, 77% to hit)
You feel a surge of power!
The zap hits Blork the orc.
Blork the orc is lightly wounded.
Blork the orc hits you with a +2 long sword of holy wrath!
* * * LOW HITPOINT WARNING * * *
Blork the orc screams, "You are the ugliest creature I've ever seen!"
Blork the orc hits you with a +2 long sword of holy wrath!
You die...

....#...... .....
.......... # .....
#.......†#### .## .....
##..........##..#........
....................#....
.............##. ..# #...
..............# ...# #...
..........o.....#....# #..#
#........#@..........#
#....#.##.....#...#.. .
#...#####....##.##... ...
##............### ..5....
#.#.............# K####.
##...............#. #.
#................... ..
##.#.......................
..#.....###...............


You could see Blork the orc (fast).

Vanquished Creatures
  A howler monkey (D:4)
  Jessica (D:2)
  A gnoll (D:1)
  2 adders
  A worm (D:3)
  2 dart slugs
  An orc (D:2)
  2 endoplasms
  3 giant cockroaches
  8 hobgoblins
  6 jackals (D:2)
  10 quokkas
  3 ball pythons
  7 bats
  3 frilled lizards (D:3)
  5 goblins
  8 kobolds
  7 rats
71 creatures vanquished.

Notes
Turn   | Place    | Note
-------+----------+-------------------------------------------
     0 | D:1      | Moby the Demigod Air Elementalist began the quest for the
                  | Orb.
     0 | D:1      | Reached XP level 1. HP: 14/14 MP: 5/5
   131 | D:1      | Reached skill level 1 in Conjurations
   306 | D:1      | Reached XP level 2. HP: 20/20 MP: 1/7
   661 | D:1      | Learned a level 2 spell: Static Discharge
   820 | D:1      | Got the Tome of the Crevasse
  1007 | D:1      | Reached XP level 3. HP: 22/26 MP: 4/8
  1202 | D:2      | Noticed Sigmund
  1941 | D:2      | Noticed Jessica
  1948 | D:2      | Killed Jessica
  1949 | D:2      | Reached XP level 4. HP: 31/33 MP: 3/9
  3141 | D:4      | Noticed a lemure
  3358 | D:4      | Noticed Pikel
  3373 | D:4      | Noticed Blork the orc
  3378 | D:4      | Reached XP level 5. HP: 27/38 MP: 3/11
  3387 | D:4      | Mangled by Blork the orc

Illustrated notes

Levels and vault maps discovered:
D:1:      matt_arrival_diagonals, layout_basic, minmay_tromino_mix6
D:2:      layout_loops_ring, uniq_sigmund, uniq_jessica
D:3:      layout_loops_ring, minmay_misc_feat_enclosed
D:4:      layout_cave_pools, minmay_temple_entry_butterflies,
          hangedman_abyss_or_decor_passed, small_statue_intersection,
          kennysheep_generic_room_13, uniq_blork_the_orc, uniq_pikel

Skill      XL: |  1  2  3  4 |
---------------+-------------+-----
Conjurations   | 1 2 3 |  3.4
Stealth        | 2 |  2.0
Spellcasting   | 2 |  2.2
Dodging        | 2 |  2.0
Air Magic      | 3 |  3.8

Action                     |  1- 3 |  4- 6 || total
---------------------------+-------+-------++-------
  Melee: Unarmed           |    13 |       ||    13
   Cast: Shock             |   100 |    69 ||   169
         Static Discharge  |     1 |     1 ||     2
    Use: Potion            |     1 |     2 ||     3
 Armour: Robe              |     2 |     2 ||     4
  Dodge: Dodged            |    21 |    10 ||    31

Table legend: (Time is in decaauts)
 A = Elapsed time spent in this place.
 B = Non-inter-level travel time spent in this place.
 C = Inter-level travel time spent in this place.
 D = Time resting spent in this place.
 E = Time spent auto-exploring this place.
 F = Levels seen in this place.
 G = Mean time per level.
                   A        B        C        D        E       F      G
               +--------+--------+--------+--------+--------+-----+--------+
         Total |   3385 |   3267 |    118 |    773 |   2054 |   4 |  846.2 |
       Dungeon |   3385 |   3267 |    118 |    773 |   2054 |   4 |  846.2 |
               +--------+--------+--------+--------+--------+-----+--------+

Top non-repeatable levels by time:
     D:2: 1125 daAuts
     D:1: 1091 daAuts
     D:3: 955 daAuts
     D:4: 214 daAuts
